 Dungeon Crawl Stone Soup version 0.22-a0-231-g1b571ea (webtiles) character file.

1148 Azzok the Sneak (level 8, 0/58 HPs)
             Began as a Gnoll Enchanter on Feb 20, 2018.
             Was a Believer of Okawaru.
             Succumbed to Azzok's ghost's poison
             ... on level 5 of the Dungeon.
             The game lasted 00:10:24 (5152 turns).

Azzok the Sneak (Gnoll Enchanter)                   Turns: 5152, Time: 00:10:25

Health: 0/58       AC:  3    Str:  7 (10) XL:     8   Next: 38%
Magic:  1/17       EV: 14    Int: 19 (20) God:    Okawaru [**....]
Gold:   200        SH:  0    Dex:  8 (16) Spells: 10/19 levels left

rFire    . . .     SeeInvis .   a - +1 dagger
rCold    . . .     Gourm    .   (no shield)
rNeg     . . .     Faith    .   b - +0 robe
rPois    .         Spirit   .   (no helmet)
rElec    .         Reflect  .   (no cloak)
rCorr    .         Harm     .   d - +0 pair of gloves
MR       .....                  (no boots)
Stlth    +++.......             (no amulet)
HPRegen  0.19/turn              (no ring)
MPRegen  0.15/turn              (no ring)

@: lethally poisoned (0 -> -11)
A: distributed training, fangs 1, strong nose
a: Heroism, Renounce Religion


You were on level 5 of the Dungeon.
You worshipped Okawaru.
Okawaru was pleased with you.
You were very hungry.

You visited 1 branch of the dungeon, and saw 5 of its levels.

You collected 200 gold pieces.

Inventory:

Hand Weapons
 a - a +1 dagger (weapon)
Armour
 b - a +0 robe (worn)
 d - a +0 pair of gloves (worn)
 j - a +0 buckler
Jewellery
 f - a +2 amulet of reflection {unknown}
 t - an uncursed ring of see invisible {unknown}
Wands
 v - a wand of enslavement (9)
Scrolls
 g - 2 scrolls of enchant weapon {unknown}
 h - 2 scrolls of remove curse {unknown}
 i - a scroll of enchant armour {unknown}
 k - 2 scrolls of fear {unknown}
 l - 2 scrolls of teleportation {unknown}
 o - a scroll of amnesia {unknown}
 p - a scroll of immolation {unknown}
 q - 4 scrolls of identify {unknown}
 u - a scroll of fog {unknown}
 x - a scroll of noise {unknown}
Potions
 m - 3 potions of lignification
 n - 2 potions of brilliance
 w - 2 potions of degeneration
Comestibles
 c - 4 rations


   Skills:
 + Level 3.1 Fighting
 + Level 4.1 Short Blades
 + Level 3.1 Long Blades
 + Level 3.1 Axes
 + Level 3.1 Maces & Flails
 + Level 3.1 Polearms
 + Level 3.1 Staves
 + Level 3.1 Slings
 + Level 3.1 Bows
 + Level 3.1 Crossbows
 + Level 3.1 Throwing
 + Level 3.1 Armour
 + Level 5.6 Dodging
 + Level 6.8 Stealth
 + Level 3.1 Shields
 + Level 3.1 Unarmed Combat
 + Level 6.0 Spellcasting
 + Level 2.5 Conjurations
 + Level 6.1 Hexes
 + Level 2.5 Charms
 + Level 2.5 Summonings
 + Level 2.5 Necromancy
 + Level 2.5 Translocations
 + Level 2.5 Transmutations
 + Level 2.5 Fire Magic
 + Level 2.5 Ice Magic
 + Level 2.5 Air Magic
 + Level 2.5 Earth Magic
 + Level 2.5 Poison Magic
 + Level 3.5 Invocations
 + Level 3.1 Evocations


You had 10 spell levels left.
You knew the following spells:

 Your Spells              Type           Power        Failure   Level  Hunger
a - Corona                Hex            ####...      1%          1    None
b - Ensorcelled Hibernat  Hex/Ice        ###...       2%          2    None
c - Confuse               Hex            ####....     2%          3    ##.....
d - Dazzling Spray        Conj/Hex       ###...       5%          3    ##.....


Dungeon Overview and Level Annotations

Branches:
Dungeon (5/15)
 Temple: D:4-7

Altars:
Ashenzari
Dithmenos
Fedhas
Makhleb
Okawaru
Qazlal
Uskayaw
Wu Jian
Xom
The Shining One

Shops:
D:4 }   D:5 %

Annotations:
D:5 Azzok's ghost, novice GnEn


Innate Abilities, Weirdness & Mutations

Your experience applies equally to all skills.
You have very sharp teeth.
Your uncanny sense of smell can sniff out nearby items.


Message History

You see here a giant cockroach corpse.
You feel sick.
Azzok's ghost points at you and mumbles some strange words.
You are confused.
You feel sick.
You bump into the stone wall.
Azzok's ghost barely misses you. The crimson imp hits you.
* * * LOW HITPOINT WARNING * * *
You feel sick.
You bump into the stone wall.
Azzok's ghost points at you and mumbles some strange words.
You fall asleep.
You feel less confused.
You feel sick. The crimson imp hits you!
You wake up.
* * * LOW HITPOINT WARNING * * *
Azzok's ghost hits you.
* * * LOW HITPOINT WARNING * * *
You are more poisoned.
You are no longer glowing.
You die...

▒▒▒▒▒▒▒▒▒▒
▒▒▒▒▒····5·†·▒
▒······@·W·†·▒
▒·▒▒▒▒·▒▒▒▒··▒ ▒·▒
···· ▒··▒▒▒▒▒▒▒▒▒▒▒
▒▒·▒·····
▒·············
▒·%▒····
▒·▒▒▒▒▒·▒▒▒▒▒·
▒······_ ···▒ ▒·▒ ▒·
▒▒▒▒▒▒▒▒▒··▒·······▒·▒
▒·! ▒·
···········▒····5·5▒·▒
▒··· ▒▒ ···········▒
··· ▒·▒ ▒····


You could see Azzok's ghost and a crimson imp.

Vanquished Creatures
  Grinder (D:4)
  Sigmund (D:4)
  Menkaure (D:5)
  An orc warrior (D:3)
  An ogre (D:4)
  Blork the orc (D:4)
  4 orc wizards
  A quasit (D:5)
  2 orc priests
  2 bullfrog skeletons (D:4)
  An iguana (D:5)
  2 worker ants (D:4)
  A worker ant zombie (D:3)
  2 adders
  An ooze (D:1)
  An adder skeleton (D:5)
  4 worms
  2 dart slugs
  7 leopard geckos
  11 orcs
  2 ball pythons (D:1)
  3 giant cockroaches
  2 goblins
  8 hobgoblins
  3 jackals (D:1)
  2 quokkas
  9 bats
  3 frilled lizards
  A jackal skeleton (D:4)
  10 kobolds
  6 rats
96 creatures vanquished.

Notes
Turn   | Place    | Note
-------+----------+-------------------------------------------
     0 | D:1      | Azzok the Gnoll Enchanter began the quest for the Orb.
     0 | D:1      | Reached XP level 1. HP: 13/13 MP: 6/6
   216 | D:1      | Reached XP level 2. HP: 19/19 MP: 7/7
   222 | D:1      | Learned a level 2 spell: Ensorcelled Hibernation
   820 | D:1      | Reached XP level 3. HP: 21/25 MP: 9/9
   836 | D:1      | Reached skill level 5 in Spellcasting
  1373 | D:2      | Found an iron altar of Okawaru.
  1443 | D:2      | Became a worshipper of Warmaster Okawaru
  1447 | D:2      | Reached skill level 1 in Invocations
  1826 | D:2      | Learned a level 3 spell: Confuse
  1858 | D:2      | Learned a level 3 spell: Dazzling Spray
  1874 | D:2      | Reached skill level 1 in Fighting
  1874 | D:2      | Reached skill level 1 in Long Blades
  1874 | D:2      | Reached skill level 1 in Axes
  1874 | D:2      | Reached skill level 1 in Maces & Flails
  1874 | D:2      | Reached skill level 1 in Polearms
  1874 | D:2      | Reached skill level 1 in Staves
  1874 | D:2      | Reached skill level 1 in Slings
  1874 | D:2      | Reached skill level 1 in Bows
  1874 | D:2      | Reached skill level 1 in Crossbows
  1874 | D:2      | Reached skill level 1 in Throwing
  1874 | D:2      | Reached skill level 1 in Armour
  1874 | D:2      | Reached skill level 1 in Shields
  1874 | D:2      | Reached skill level 1 in Unarmed Combat
  1874 | D:2      | Reached skill level 1 in Evocations
  1967 | D:2      | Found a burning altar of Makhleb.
  1969 | D:2      | Found a shadowy altar of Dithmenos.
  1969 | D:2      | Found a shimmering altar of Xom.
  2001 | D:2      | Reached XP level 4. HP: 26/32 MP: 11/11
  2411 | D:3      | Reached skill level 1 in Conjurations
  2411 | D:3      | Reached skill level 1 in Charms
  2411 | D:3      | Reached skill level 1 in Summonings
  2411 | D:3      | Reached skill level 1 in Necromancy
  2411 | D:3      | Reached skill level 1 in Translocations
  2411 | D:3      | Reached skill level 1 in Transmutations
  2411 | D:3      | Reached skill level 1 in Fire Magic
  2411 | D:3      | Reached skill level 1 in Ice Magic
  2411 | D:3      | Reached skill level 1 in Air Magic
  2411 | D:3      | Reached skill level 1 in Earth Magic
  2411 | D:3      | Reached skill level 1 in Poison Magic
  2697 | D:3      | Reached XP level 5. HP: 30/37 MP: 5/12
  2817 | D:3      | Noticed an orc warrior
  3146 | D:3      | Killed an orc warrior
  3150 | D:3      | Reached XP level 6. HP: 39/44 MP: 0/13
  3690 | D:4      | Found Geytikyugu's Gadget Boutique.
  3752 | D:4      | Reached skill level 5 in Dodging
  3838 | D:4      | Found a hide-covered altar of Uskayaw.
  3917 | D:4      | Noticed Grinder
  3919 | D:4      | Noticed Sigmund
  3944 | D:4      | Killed Sigmund
  3944 | D:4      | Reached XP level 7. HP: 51/51 MP: 8/15
  3950 | D:4      | Reached * piety under Okawaru
  4085 | D:4      | Killed Grinder
  4369 | D:4      | Found an ornate altar of the Wu Jian Council.
  4370 | D:4      | Noticed Blork the orc
  4374 | D:4      | Killed Blork the orc
  4374 | D:4      | Reached XP level 8. HP: 57/57 MP: 13/16
  4481 | D:4      | Found a stormy altar of Qazlal.
  4481 | D:4      | Found a blossoming altar of Fedhas.
  4481 | D:4      | Found a shattered altar of Ashenzari.
  4583 | D:5      | Entered Level 5 of the Dungeon
  4583 | D:5      | Noticed Menkaure
  4587 | D:5      | Killed Menkaure
  4619 | D:5      | Found Qixku's Food Emporium.
  4631 | D:5      | Noticed Azzok's ghost (novice GnEn)
  4653 | D:5      | Reached ** piety under Okawaru
  5151 | D:5      | HP: 1/58 [Azzok's ghost (4)]
  5152 | D:5      | Found a glowing golden altar of the Shining One.
  5152 | D:5      | Succumbed to Azzok's ghost's poison

Vault maps used:
D:1:      lemuel_arrival_behind_the_door_large, roderic_serpentine_path
D:2:      grunt_temple_overflow_open, first_ration, okawaru_ov_weapons_minmay
D:3:      serial_bayou_ford_a
D:4:      gammafunk_temple_overflow_forgotten, overflow_temple_1_default,
          lemuel_round_altar, serial_shops, shop, kennysheep_generic_room_16,
          uniq_blork_the_orc, uniq_sigmund, uniq_grinder
D:5:      old_standard_altar, serial_shops, shop, uniq_menkaure

Skill      XL: |  1  2  3  4  5  6  7  8 |
---------------+-------------------------+-----
Spellcasting   | 5 6 |  6.0
Stealth        | 6 |  6.8
Invocations    | 1 2 3 |  3.5
Fighting       | 1 2 3 |  3.1
Long Blades    | 1 2 3 |  3.1
Axes           | 1 2 3 |  3.1
Maces & Flails | 1 2 3 |  3.1
Polearms       | 1 2 3 |  3.1
Staves         | 1 2 3 |  3.1
Slings         | 1 2 3 |  3.1
Bows           | 1 2 3 |  3.1
Crossbows      | 1 2 3 |  3.1
Throwing       | 1 2 3 |  3.1
Armour         | 1 2 3 |  3.1
Shields        | 1 2 3 |  3.1
Unarmed Combat | 1 2 3 |  3.1
Evocations     | 1 2 3 |  3.1
Conjurations   | 1 2 |  2.5
Charms         | 1 2 |  2.5
Summonings     | 1 2 |  2.5
Necromancy     | 1 2 |  2.5
Translocations | 1 2 |  2.5
Transmutations | 1 2 |  2.5
Fire Magic     | 1 2 |  2.5
Ice Magic      | 1 2 |  2.5
Air Magic      | 1 2 |  2.5
Earth Magic    | 1 2 |  2.5
Poison Magic   | 1 2 |  2.5
Short Blades   | 3 4 |  4.1
Dodging        | 5 |  5.6
Hexes          | 6 |  6.1

Action                   |  1- 3 |  4- 6 |  7- 9 || total
-------------------------+-------+-------+-------++-------
Melee: Dagger            |   108 |   107 |    72 ||   287
       Bite              |     6 |     9 |     3 ||    18
       Punch             |       |     1 |       ||     1
 Cast: Corona            |     2 |       |     2 ||     4
       Ensorcelled Hiber |     7 |    23 |    19 ||    49
       Confuse           |       |     8 |    13 ||    21
  Use: Potion            |       |       |     6 ||     6
 Stab: Sleeping          |    21 |    22 |    17 ||    60
       Confused          |       |     3 |     3 ||     6
  Eat: Chunk             |     3 |     7 |     3 ||    13
Armor: Robe              |    17 |     9 |    13 ||    39
       Skin              |       |       |    85 ||    85
Dodge: Dodged            |    77 |    81 |    76 ||   234

Table legend:
 A = Spawn XP
 B = Non-spawn XP
 C = Spawn XP percentage of total XP
 D = Spawn monster count
 E = Non-spawn monster count
 F = Spawn count percentage of total count
 G = Total turns spent on level
                    A         B        C        D         E        F      G
               +---------+---------+-------+---------+---------+-------+---------
         Total |       0 |    1640 |   0.0 |       0 |      96 |   0.0 |  5152
               +---------+---------+-------+---------+---------+-------+---------
           D:1 |       0 |      53 |   0.0 |       0 |      28 |   0.0 |  1371
           D:2 |       0 |      32 |   0.0 |       0 |      17 |   0.0 |  1256
           D:3 |       0 |     322 |   0.0 |       0 |      20 |   0.0 |   978
           D:4 |       0 |     837 |   0.0 |       0 |      17 |   0.0 |  1347
           D:5 |       0 |     396 |   0.0 |       0 |      14 |   0.0 |   200
               +---------+---------+-------+---------+---------+-------+---------
